 Dungeon Crawl Stone Soup version 0.29.1-12-g30fa7ad0bf (webtiles) character file.

Game seed: 6710788393141970338

824 bnorton916 the Magician (level 7, -2/36 HPs)
             Began as a Deep Elf Fire Elementalist on Dec 30, 2022.
             Was an Initiate of Gozag.
             Slain by a gnoll
             ... wielding a +0 spear
              (3 damage)
             ... on level 6 of the Dungeon.
             The game lasted 00:06:56 (7072 turns).

bnorton916 the Magician (DEFE)                      Turns: 7072, Time: 00:06:58

Health: -2/36      AC:  4    Str: 11    XL:     7   Next: 64%
Magic:  10/16      EV: 12    Int: 22    God:    Gozag
Gold:   251        SH:  0    Dex: 15    Spells: 4/16 levels left

rFire   + . .      SeeInvis .   h - staff of fire
rCold   . . .      Faith    .   (no shield)
rNeg    . . .      Spirit   .   a - +0 robe
rPois   .          Reflect  .   (no helmet)
rElec   .          Harm     .   (no cloak)
rCorr   .          Rampage  .   C - +0 pair of gloves
Will    .....                   k - +0 pair of boots
Stlth   ++........              (no amulet)
HPRegen 0.12/turn               g - +6 ring of strength
MPRegen 0.15/turn               D - ring of wizardry

@: gold aura
A: no striking features
a: Renounce Religion, Potion Petition, Call Merchant, Bribe Branch


You were on level 6 of the Dungeon.
You worshipped Gozag.
Gozag was aware of your devotion.
You visited 2 branches of the dungeon, and saw 7 of its levels.

You collected 344 gold pieces.
You paid 93 gold pieces to Gozag.

Inventory:

Hand Weapons
 u - a +1 hand axe of flaming
Missiles
 A - 4 datura-tipped darts
 B - 5 javelins
Armour
 a - a +0 robe (worn)
 k - a +0 pair of boots (worn)
 C - a +0 pair of gloves (worn)
Magical Staves
 h - a staff of fire (weapon)
Jewellery
 e - an amulet of faith
 g - a +6 ring of strength (left hand)
 y - a ring of wizardry
 D - a ring of wizardry (right hand)
Wands
 p - a wand of roots (19)
 q - a wand of paralysis (13)
 w - a wand of mindburst (12)
Scrolls
 c - 3 scrolls of enchant armour {unknown}
 f - 3 scrolls of magic mapping {unknown}
 i - 3 scrolls of fear {unknown}
 j - 2 scrolls of teleportation {unknown}
 l - a scroll of immolation {unknown}
 m - a scroll of summoning {unknown}
 n - 6 scrolls of identify {unknown}
 t - a scroll of enchant weapon {unknown}
 v - a scroll of silence {unknown}
 x - a scroll of torment {unknown}
 F - 3 scrolls of brand weapon {unknown}
Potions
 b - 2 potions of magic
 d - 2 potions of brilliance
 o - 4 potions of heal wounds {unknown}
 r - 3 potions of curing
 s - a potion of attraction {unknown}
 z - a potion of mutation {unknown}
 E - a potion of berserk rage {unknown}
 G - a potion of flight


   Skills:
 - Level 2.4 Dodging
 - Level 2.4 Stealth
 - Level 5.3 Spellcasting
 - Level 3.6 Conjurations
 - Level 3.0 Transmutations
 - Level 4.9 Fire Magic
 + Level 3.3 Ice Magic
 - Level 3.0 Air Magic
 - Level 3.0 Poison Magic


You had 4 spell levels left.
You knew the following spells:

 Your Spells              Type           Power      Damage    Failure   Level
a - Foxfire               Conj/Fire      100%       2x1d9     1%          1
b - Scorch                Fire           82%        2d9       1%          2
c - Conjure Flame         Conj/Fire      37%        6-21      1%          3
d - Mephitic Cloud        Conj/Pois/Air  20%        N/A       3%          3
e - Ignite Poison         Fire/Tmut/Pois 32%        N/A       2%          3

Your spell library contained the following spells:

 Spells                   Type           Power      Damage    Failure   Level
 Ensorcelled Hibernation  Hex/Ice        26%        N/A       3%          2
 Spider Form              Tmut/Pois      19%        N/A       3%          3
 Inner Flame              Hex/Fire       25%        N/A       4%          3
 Flame Wave               Conj/Fire      37%        2d10      7%          4
 Anguish                  Hex/Necr       2%         N/A       36%         4
 Freezing Cloud           Conj/Ice/Air   10%        6-21      26%         5


Dungeon Overview and Level Annotations

Branches:
Dungeon (6/15)             Temple (1/1) D:5

Altars:
Ashenzari
Cheibriados
Dithmenos
Elyvilon
Fedhas
Gozag
Hepliaklqana
Kikubaaqudgha
Makhleb
Nemelex Xobeh
Okawaru
Qazlal
Ru
Sif Muna
Trog
Uskayaw
Vehumet
Wu Jian
Xom
Yredelemnul
Zin
The Shining One


Message History

The gnoll shouts!
A white imp comes into view.
Casting: Scorch (safe; 1% risk of failure)
Confirm with . or Enter, or press ? or * to list all spells.
You feel a surge of power!
You conjure some foxfire!
The white imp shouts, "Embrace thy fall, thou gorbellied milk-livered pimple!"
The foxfire hits the gnoll!
The gnoll is severely wounded.
Your foxfire dissipates!
There is a stone staircase leading up here.
Casting: Foxfire (safe; 1% risk of failure)
Confirm with . or Enter, or press ? or * to list all spells.
You feel a surge of power!
Flames lash the gnoll.
You kill the gnoll!
The white imp misses you. The white imp hits you. The white imp freezes you.
Casting: Scorch (safe; 1% risk of failure)
Confirm with . or Enter, or press ? or * to list all spells.
You feel a surge of power!
Flames lash the white imp.
The white imp is burned terribly!
The white imp is almost dead.
The white imp's fire resistance burns away.
The white imp gestures at you. The puff of frost hits you!
The white imp barely misses you.
The gnoll is distracted by your dazzling golden aura.
Casting: Scorch (safe; 1% risk of failure)
Confirm with . or Enter, or press ? or * to list all spells.
You feel a surge of power!
Flames lash the gnoll.
The gnoll is no longer distracted by gold.
The gnoll shouts!
The gnoll is severely wounded.
The gnoll's fire resistance burns away.
The white imp summons a swarm of flies.
The white imp gestures at you. The puff of frost hits you!
* * * LOW HITPOINT WARNING * * *
The gnoll hits you from afar with a +0 spear.
You die...
Your body crumbles into a pile of gold.

##.....## #.....#
###g### #.# #.# #$#
##g##
...#####.#5###.##
........###@....##
#....###.#.###...#
#.................#
.....###...###...##
.. ##.## $## #.#
#.# #.. ###


You could see a gnoll (combustible) and a white imp (combustible).

Vanquished Creatures
  An ice beast (D:6)
  A black bear (D:5)
  An ogre (D:5)
  A scorpion (D:5)
  5 hounds
  An orc priest (D:5)
  A jelly (D:5)
  A gnoll bouda (D:4)
  2 iguanas (D:5)
  6 adders
  5 gnolls
  An ufetubus (D:5)
  2 worms (D:5)
  2 dart slugs
  7 orcs
  5 endoplasms
  5 giant cockroaches
  8 goblins
  3 hobgoblins
  6 jackals
  5 kobolds
  5 quokkas
  5 ball pythons
  10 bats
  2 frilled lizards
  10 rats
101 creatures vanquished.

Vanquished Creatures (others)
  482 foxfires
482 creatures vanquished.

Grand Total: 583 creatures vanquished

Notes
Turn   | Place    | Note
-------+----------+-------------------------------------------
     0 | D:1      | bnorton916 the Deep Elf Fire Elementalist began the quest
                  | for the Orb.
     0 | D:1      | Reached XP level 1. HP: 10/10 MP: 6/6
   419 | D:1      | Reached XP level 2. HP: 15/15 MP: 5/8
  1078 | D:1      | Reached XP level 3. HP: 19/19 MP: 7/10
  1563 | D:2      | Learned a level 2 spell: Scorch
  1595 | D:2      | Reached skill level 4 in Spellcasting
  2046 | D:2      | Reached XP level 4. HP: 24/24 MP: 7/12
  2931 | D:3      | Found a glowing golden altar of the Shining One.
  2934 | D:3      | Found a stormy altar of Qazlal.
  2935 | D:3      | Found a glowing silver altar of Zin.
  3048 | D:3      | Found a radiant altar of Vehumet.
  3049 | D:3      | Found a shimmering altar of Xom.
  3058 | D:3      | Found a burning altar of Makhleb.
  3060 | D:3      | Found a snail-covered altar of Cheibriados.
  3063 | D:3      | Found a white marble altar of Elyvilon.
  3065 | D:3      | Found a bloodstained altar of Trog.
  3069 | D:3      | Found a blossoming altar of Fedhas.
  3854 | D:4      | Reached XP level 5. HP: 22/28 MP: 9/14
  4166 | D:4      | Reached skill level 5 in Spellcasting
  4598 | D:4      | Learned a level 3 spell: Conjure Flame
  4746 | D:4      | Learned a level 3 spell: Mephitic Cloud
  4750 | D:4      | Learned a level 3 spell: Ignite Poison
  5201 | D:4      | Reached XP level 6. HP: 32/32 MP: 8/15
  5273 | D:5      | Entered Level 5 of the Dungeon
  5278 | D:5      | Reached skill level 1 in Transmutations
  5278 | D:5      | Reached skill level 1 in Air Magic
  5278 | D:5      | Reached skill level 1 in Poison Magic
  5959 | D:5      | Reached XP level 7. HP: 36/36 MP: 11/16
  6363 | D:5      | Reached skill level 1 in Ice Magic
  6563 | D:5      | Found a staircase to the Ecumenical Temple.
  6602 | Temple   | Entered the Ecumenical Temple
  6756 | Temple   | Became a worshipper of Gozag Ym Sagoz the Greedy
  7072 | D:6      | HP: 1/36 [white imp/puff of frost (13)]
  7072 | D:6      | Slain by a gnoll

Illustrated notes

Levels and vault maps discovered:
D:1:      dpeg_arrival_brainrot, layout_rooms
D:2:      layout_basic, minmay_close_crescents
D:3:      layout_basic, nicolae_overflow_hallway_of_the_gods, serial_rivers,
          chequers_serial_rivers_micro_b, chequers_serial_rivers_small_b,
          chequers_serial_rivers_large_a, chequers_serial_rivers_small_b
D:4:      layout_loops_ring
D:5:      layout_basic, minmay_temple_entry_sparse_star
D:6:      layout_loops_ring, serial_shops, nicolae_square_shop
Temple:   hellmonk_temple_forest_ring

Skill      XL: |  1  2  3  4  5  6  7 |
---------------+----------------------+-----
Conjurations   | 2 3 |  3.6
Spellcasting   | 4 5 |  5.3
Fire Magic     | 4 |  4.9
Transmutations | 2 3 |  3.0
Air Magic      | 2 3 |  3.0
Poison Magic   | 2 3 |  3.0
Ice Magic      | 3 |  3.3
Dodging        | |  2.4
Stealth        | |  2.4

Action                   |  1- 3 |  4- 6 |  7- 9 || total
-------------------------+-------+-------+-------++-------
 Cast: Foxfire           |   126 |   154 |    29 ||   309
       Scorch            |       |     8 |    11 ||    19
  Use: Potion            |     4 |       |       ||     4
Armor: Robe              |    10 |     7 |     4 ||    21
Dodge: Dodged            |    18 |    12 |     9 ||    39
